 Dungeon Crawl Stone Soup version 0.21.0-3-g78d12a8 (webtiles) character file.

43 tidbits the Sneak (level 3, -2/14 HPs)
             Began as a Felid Air Elementalist on Jan 8, 2018.
             Was a Follower of Uskayaw.
             Killed from afar by Sigmund (12 damage)
             ... with a magic dart
             ... on level 2 of the Dungeon.
             The game lasted 00:06:41 (982 turns).

tidbits the Sneak (Felid Air Elementalist)           Turns: 982, Time: 00:06:42

Health: -2/14      AC:  1    Str: 10    XL:     3   Next: 37%
Magic:  1/7        EV: 18    Int: 16    God:    Uskayaw [*.....]
Gold:   119        SH:  0    Dex: 16    Spells: 5/6 levels left
                                        Lives:  0   Deaths: 0

rFire    . . .     SeeInvis +   c - 3 rations
rCold    . . .     Gourm    .   (shield unavailable)
rNeg     + . .     Faith    .   (armour unavailable)
rPois    .         Spirit   .   (helmet unavailable)
rElec    .         Reflect  .   (cloak unavailable)
rCorr    .         Harm     +   (gloves unavailable)
MR       .....                  (boots unavailable)
Stlth    ++........             e - amulet of harm
HPRegen  0.04/turn              l - ring of positive energy
MPRegen  0.10/turn              (no ring)

@: confused, mighty, quick
A: very small, no armour, no weapons or thrown items, stealth, claws 1, fangs 3,
see invisible, carnivore, speed 1, shaggy fur 1, slow metabolism 1, sharp paws
a: Stomp, Renounce Religion


You were on level 2 of the Dungeon.
You worshipped Uskayaw.
Uskayaw was noncommittal.
You were full.

You visited 1 branch of the dungeon, and saw 2 of its levels.

You collected 119 gold pieces.

Inventory:

Jewellery
 e - an amulet of harm (around neck)
   (You found it on level 1 of the Dungeon)
 l - a ring of positive energy (left paw)
   (You found it on level 1 of the Dungeon)
Scrolls
 b - a scroll of random uselessness {unknown}
 d - a scroll of teleportation
 f - a scroll of fog {unknown}
 i - 2 scrolls of enchant armour
 j - a scroll of enchant weapon {unknown}
 k - a scroll of remove curse {unknown}
 m - 3 scrolls of identify {unknown}
Books
 a - a book of Air

   Spells                             Type                      Level
   a - Shock                          Conjuration/Air              1
   b - Swiftness                      Charms/Air                   2
   c - Static Discharge               Conjuration/Air              3
   d - Airstrike                      Air                          4
   e - Lightning Bolt                 Conjuration/Air              5
Comestibles
 c - 3 rations (in mouth)


   Skills:
 - Level 2.6 Dodging
 + Level 4.3 Stealth
 + Level 2.1 Unarmed Combat
 - Level 2.0 Spellcasting
 - Level 0.8 Conjurations
 - Level 2.6 Air Magic
 + Level 0.0 Invocations


You had 5 spell levels left.
You knew the following spells:

 Your Spells              Type           Power        Failure   Level  Hunger
a - Shock                 Conj/Air       #...         10%         1    #......


Dungeon Overview and Level Annotations

Branches:
Dungeon (2/15)

Altars:
Uskayaw

Annotations:
D:2 Sigmund


Innate Abilities, Weirdness & Mutations

You cannot wear armour.
You are incapable of wielding weapons or throwing items.
Your paws allow you to move quietly. (Stealth)
You have sharp claws.
You have razor-sharp teeth.
You have supernaturally acute eyesight. (SInv)
You are carnivorous and can eat meat at any time.
You cover ground quickly.
You are covered in fur. (AC +1)
You have a slow metabolism.
Your sharp claws are effective at attacking unaware monsters.


Message History

You swing at nothing.
Sigmund barely misses you.
You swing at nothing.
Sigmund hits you from afar with a scythe.
You swing at nothing.
Sigmund hits you but does no damage.
You swing at nothing.
Sigmund hits you but does no damage.
You swing at nothing.
Sigmund barely misses you.
Casting: Shock
Confirm with . or Enter, or press ? or * to list all spells.
Aiming: Shock
Press: ? - help, Shift-Dir - straight line, f/p - Sigmund
Aim: Sigmund, wielding a scythe and wearing an embroidered robe (moderately wounded, fast)
The zap hits Sigmund.
Sigmund is heavily wounded.
You swing at nothing.
Sigmund hits you from afar with a scythe.
Sigmund hits you but does no damage.
You swing at nothing.
You swing at nothing.
Sigmund barely misses you.
Sigmund points at you and mumbles some strange words.
The puff of flame hits you!
You swing at nothing.
Sigmund casts a spell at you.
Helpless, you fail to dodge the puff of flame.
You swing at nothing.
Sigmund gestures at you while chanting. You resist with some effort.
Sigmund barely misses you.
You swing at nothing.
Sigmund casts a spell at you.
You are confused.
You swing at nothing.
Sigmund hits you but does no damage.
You swing at nothing.
Sigmund hits you from afar with a scythe.
* * * LOW HITPOINT WARNING * * *
You're too confused to cast spells.
You're too confused!
Unknown command.
You feel better. Sigmund casts a spell at you. You resist with some effort.
Casting: Shock
Confirm with . or Enter, or press ? or * to list all spells.
Aiming: Shock
Press: ? - help, Shift-Dir - straight line, f/p - Sigmund
Aim: Sigmund, wielding a scythe and wearing an embroidered robe (heavily wounded, fast)
The zap hits Sigmund.
Sigmund is severely wounded.
Sigmund is suddenly surrounded by pale red light.
Sigmund hits you but does no damage.
You swing at nothing.
Sigmund's eyes start glowing with a red light.
Sigmund barely misses you.
You swing at nothing.
Sigmund hits you but does no damage.
You swing at nothing.
Sigmund barely misses you.
You swing at nothing.
Sigmund is no longer moving quickly.
Sigmund hits you but does no damage.
You swing at nothing.
Sigmund hits you but does no damage.
You swing at nothing.
You swing at nothing.
Sigmund says, "Your kind have come here before.
I understand now why.
You desire death..."
Sigmund casts a spell at you. The puff of flame hits you!
Sigmund barely misses you.
You swing at nothing.
You swing at nothing.
Your extra speed is starting to run out.
Sigmund hits you but does no damage.
Casting: Shock
Confirm with . or Enter, or press ? or * to list all spells.
Aiming: Shock
Press: ? - help, Shift-Dir - straight line, f/p - Sigmund
Aim: Sigmund, wielding a scythe and wearing an embroidered robe (severely wounded)
The zap hits Sigmund.
Sigmund is severely wounded.
You swing at nothing.
Sigmund hits you but does no damage.
You swing at nothing.
Your transformation is almost over.
Sigmund hits you but does no damage.
You swing at nothing.
You swing at nothing.
You feel yourself slow down. Sigmund casts a spell at you.
The magic dart hits you!
You swing at nothing.
Sigmund hits you but does no damage.
You swing at nothing.
Sigmund hits you but does no damage.
You swing at nothing.
Sigmund points at you and mumbles some strange words.
You are confused.
Sigmund gestures at you while chanting.
You are more confused.
You nearly hit yourself!
Sigmund hits you but does no damage.
You cannot move. (Use ctrl+direction to attack without moving.)
You cannot move. (Use ctrl+direction to attack without moving.)
You cannot move. (Use ctrl+direction to attack without moving.)
You swing at nothing.
You feel less wooden. Sigmund barely misses you.
You bump into the rock wall.
Sigmund points at you and mumbles some strange words.
The magic dart hits you!
Ouch! That really hurt!
You die...

#.#
#.##....!......
#...## #.#####
..#...........@..
...... .......
........#........
#...## ##.....
#.#.###.#........
# # ....... .
#.######### #
##.... #.# ...###
#.# ...#
#####+### #@#
...# ........#
#@# ...#
.......###.# #.##
.....#)..# #.#
#####.###.#'#####
#<#
#...............#
#.#
#......###.###..#
#.####.<....# #.#
..#
......####..###'#
..#
......####..###_+
...#


You could see Sigmund.

Vanquished Creatures
  A dart slug (D:1)
  7 bats
  A giant cockroach (D:2)
  7 hobgoblins
  2 jackals (D:1)
  9 kobolds
  2 frilled lizards
  5 goblins
  5 rats (D:1)
39 creatures vanquished.

Notes
Turn   | Place    | Note
-------+----------+-------------------------------------------
     0 | D:1      | tidbits the Felid Air Elementalist began the quest for the Orb.
     0 | D:1      | Reached XP level 1. HP: 7/7 MP: 4/4
    27 | D:1      | Reached skill level 3 in Stealth
   144 | D:1      | Reached skill level 1 in Unarmed Combat
   204 | D:1      | Reached XP level 2. HP: 8/11 MP: 4/6
   583 | D:1      | Reached skill level 4 in Stealth
   583 | D:1      | Reached XP level 3. HP: 12/14 MP: 3/7
   773 | D:1      | Reached skill level 2 in Unarmed Combat
   861 | D:2      | Found a hide-covered altar of Uskayaw.
   904 | D:2      | Became a worshipper of Uskayaw the Reveler
   921 | D:2      | Noticed Sigmund
   938 | D:2      | Reached * piety under Uskayaw
   982 | D:2      | Killed from afar by Sigmund

Skill      XL: |  1  2  3 |
---------------+----------+-----
Stealth        | 3 4 |  4.3
Unarmed Combat | 1 2 |  2.1
Dodging        | |  2.6
Spellcasting   | |  2.0
Conjurations   | |  0.8
Air Magic      | |  2.6

Action                   || total
-------------------------++-------
Melee: Unarmed           ||    42
 Cast: Shock             ||    33
  Use: Potion            ||     5
       Scroll            ||     2
 Stab: Sleeping          ||    19
       Distracted        ||     1
  Eat: Chunk             ||     5
Armor: Skin              ||    27
Dodge: Dodged            ||    49

Table legend:
 A = Turns spent in this place as a percentage of turns spent in the entire game.
 B = Non-inter-level travel turns spent in this place as a percentage of non-inter-level travel turns spent in the entire game.
 C = Inter-level travel turns spent in this place as a percentage of turns spent in this place.
 D = Turns resting spent in this place as a percentage of non-inter-level travel turns spent in this place.
 E = Turns spent auto-exploring this place as a percentage of non-inter-level travel turns spent in this place.
 F = Non-inter-level travel turns spent in this place divided by the number of levels of this place that you've seen.
                   A       B       C       D       E      F
               +-------+-------+-------+-------+-------+----------------------
         Total | 100.0 | 100.0 |   6.6 |   0.0 |   0.0 | 458.5
       Dungeon | 100.0 | 100.0 |   6.6 |   0.0 |   0.0 | 458.5
               +-------+-------+-------+-------+-------+----------------------

Table legend:
 A = Kills in this place as a percentage of kills in entire the game.
 B = Kills by you in this place as a percentage of kills by you in the entire game.
 C = Kills by friends in this place as a percentage of kills by friends in the entire game.
 D = Other kills in this place as a percentage of other kills in the entire game.
 E = Experience gained in this place as a percentage of experience gained in the entire game.
 F = Experience gained in this place divided by the number of levels of this place that you have seen.
                   A       B       C       D       E      F
               +-------+-------+-------+-------+-------+----------------------
         Total | 100.0 | 100.0 |   N/A |   N/A | 100.0 |  31.0
       Dungeon | 100.0 | 100.0 |   N/A |   N/A | 100.0 |  31.0
               +-------+-------+-------+-------+-------+----------------------

Vault maps used:
D:1:      lightli_molten_gateway, st_stairs_1, minivault_25, minmay_pentomino_w2
D:2:      lemuel_doored_altar, uniq_sigmund
